 Dungeon Crawl Stone Soup version 0.29-a0-88-g03a7b78be7 (webtiles) character file.

Game seed: 11803303620802183972

235 Crownlay the Conjurer (level 5, -2/38 HPs)
             Began as a Draconian Conjurer on Feb 3, 2022.
             Succumbed to a scorpion's poison
             ... on level 4 of the Dungeon on Feb 5, 2022.
             The game lasted 00:04:41 (3913 turns).

Crownlay the Conjurer (Draconian Conjurer)          Turns: 3913, Time: 00:04:42

Health: -2/38      AC:  5    Str:  9    XL:     5   Next: 76%
Magic:  3/12       EV: 12    Int: 21    God:
Gold:   108        SH:  0    Dex:  9    Spells: 10/13 levels left

rFire   . . .      SeeInvis .   a - +0 spear
rCold   . . .      Faith    .   (no shield)
rNeg    . . .      Spirit   .   (armour unavailable)
rPois   .          Reflect  .   (helmet restricted)
rElec   .          Harm     .   (no cloak)
rCorr   .          Rampage  .   (no gloves)
Will    .....                   (no boots)
Stlth   ++........              (no amulet)
HPRegen 0.12/turn               (no ring)
MPRegen 0.13/turn               (no ring)

@: lethally poisoned (-2 -> -19)
A: AC +5, unfitting armour, cold-blooded
a: no special abilities


You were on level 4 of the Dungeon.
You visited 1 branch of the dungeon, and saw 4 of its levels.

You collected 108 gold pieces.

Inventory:

Hand Weapons
 a - a +0 spear (weapon)
Missiles
 l - a throwing net
Jewellery
 j - a ring of ice
Scrolls
 b - 3 scrolls of identify {unknown}
 g - 2 scrolls of fog {unknown}
 h - a scroll of summoning {unknown}
 i - a scroll of immolation {unknown}
 k - 2 scrolls of teleportation {unknown}
Potions
 c - 2 potions of brilliance {unknown}
 d - a potion of curing {unknown}
 e - a potion of heal wounds {unknown}
 f - 2 potions of flight {unknown}
 m - a potion of attraction {unknown}


   Skills:
 - Level 1.7 Dodging
 - Level 1.7 Stealth
 * Level 4.8 Spellcasting
 + Level 5.1 Conjurations


You had 10 spell levels left.
You knew the following spells:

 Your Spells              Type           Power      Damage    Failure   Level
a - Magic Dart            Conj           100%       1d8       1%          1
b - Searing Ray           Conj           52%        2d6       1%          2

Your spell library contained the following spells:

 Spells                   Type           Power      Damage    Failure   Level
 Dazzling Flash           Conj/Hex       30%        N/A       12%         3
 Mephitic Cloud           Conj/Pois/Air  12%        N/A       16%         3
 Ignite Poison            Fire/Tmut/Pois 5%         N/A       32%         3
 Fulminant Prism          Conj/Hex       7%         3d7       36%         4
 Iskenderun's Mystic Bla  Conj/Tloc      15%        2d5       36%         4
 Freezing Cloud           Conj/Ice/Air   6%         6-21      83%         5


Dungeon Overview and Level Annotations

Branches:
Dungeon (4/15)
 Temple: D:4-7

Altars:
Uskayaw
Wu Jian
Zin

Shops:
D:4 =

Annotations:
D:3 3 runed translucent doors, ma3's ghost, amateur OpTm


Innate Abilities, Weirdness & Mutations

Your plain brown scales are hard. (AC +5)
You cannot fit into any form of body armour.
You are cold-blooded and may be slowed by cold attacks.


Message History

You are poisoned.
The scorpion poisons you!
The searing ray misses the scorpion.
You feel very sick. The scorpion stings you.
You are lethally poisoned!
The scorpion poisons you!
The searing ray hits the scorpion!
The scorpion is heavily wounded.
You feel very sick.
The scorpion stings you but does no damage.
The searing ray misses the scorpion.
You finish channelling your searing ray.
You feel very sick. The scorpion misses you.
Casting: Searing Ray (safe; 1% risk of failure)
Confirm with . or Enter, or press ? or * to list all spells.
Aiming: Searing Ray (safe; 1% risk of failure)
Press: ? - help, Shift-Dir - straight line, f/p - scorpion
Aim: a scorpion (heavily wounded, 79% to hit)
The searing ray hits the scorpion.
The scorpion is heavily wounded. (Press . to maintain the ray.)
You feel very sick. The scorpion closely misses you. The scorpion stings you.
* * * LOW HITPOINT WARNING * * *
You are more poisoned.
The scorpion poisons you!
The searing ray misses the scorpion.
* * * LOW HITPOINT WARNING * * *
You feel very sick.
The scorpion stings you but does no damage.
The searing ray misses the scorpion.
* * * LOW HITPOINT WARNING * * *
You feel very sick.
The scorpion stings you but does no damage.
The searing ray hits the scorpion.
The scorpion is almost dead.
You finish channelling your searing ray.
You die...

########. #..
..##. #.# #.##.
#######.###.##.
#.)....).......
#######.#.#.##.
#.......#.#.##. ##
####.#######.#....
#.##@.#.# #.#####
#.#.#s#.# #.#####
#.####.# #......
##.##..# #######
#....## ######


You could see a scorpion.

Vanquished Creatures
  A black bear (D:4)
  An iguana (D:4)
  4 gnolls (D:3)
  2 adders
  A dart slug (D:3)
  An orc (D:3)
  5 ball pythons
  8 endoplasms
  2 giant cockroaches
  A goblin (D:1)
  8 hobgoblins
  4 jackals (D:2)
  8 kobolds
  4 quokkas
  A bat (D:1)
  4 frilled lizards
  7 rats
62 creatures vanquished.

Vanquished Creatures (others)
  6 fungi (D:2)
  10 plants (D:2)
16 creatures vanquished.

Grand Total: 78 creatures vanquished

Notes
Turn   | Place    | Note
-------+----------+-------------------------------------------
     0 | D:1      | Crownlay the Draconian Conjurer began the quest for the
                  | Orb.
     0 | D:1      | Reached XP level 1. HP: 14/14 MP: 3/3
   332 | D:1      | Reached XP level 2. HP: 20/20 MP: 3/5
   611 | D:1      | Learned a level 2 spell: Searing Ray
  1045 | D:1      | Reached XP level 3. HP: 26/26 MP: 1/7
  2068 | D:2      | Found a hide-covered altar of Uskayaw.
  2296 | D:2      | Found a faded altar of an unknown god.
  2505 | D:3      | Reached XP level 4. HP: 33/33 MP: 3/9
  2920 | D:3      | Found an ornate altar of the Wu Jian Council.
  2993 | D:3      | Found a runed translucent gate.
  2993 | D:3      | Found a runed translucent gate.
  2994 | D:3      | Found a runed translucent gate.
  2996 | D:3      | Noticed ma3's ghost (amateur OpTm)
  3366 | D:3      | Found a glowing silver altar of Zin.
  3459 | D:3      | Upgraded the game from 0.29-a0-72-g1732ff48e7 to
                  | 0.29-a0-88-g03a7b78be7
  3561 | D:4      | Noticed a black bear
  3569 | D:4      | Killed a black bear
  3570 | D:4      | Reached skill level 5 in Conjurations
  3570 | D:4      | Reached XP level 5. HP: 38/38 MP: 4/11
  3716 | D:4      | Found Gitit's Jewellery Emporium.
  3913 | D:4      | Succumbed to a scorpion's poison

Illustrated notes

Levels and vault maps discovered:
D:1:      dpeg_arrival_leaves_temple_mockup, layout_basic, minmay_pentomino_u2
D:2:      layout_loops_ring, basic_altar,
          shapermc_ecumenical_altar_mp_urbaneastern
D:3:      layout_loops_cross, zin_statuary, nicolae_overflow_crystal_walls,
          gammafunk_ghost_necromancy
D:4:      layout_loops_ring, marbit_many_paths, serial_shops,
          nicolae_shop_waterfront, nicolae_elevator_lobby_plus

Skill      XL: |  1  2  3  4 |
---------------+-------------+-----
Spellcasting   | 3 4 |  4.8
Conjurations   | 5 |  5.1
Dodging        | |  1.7
Stealth        | |  1.7

Action                   |  1- 3 |  4- 6 || total
-------------------------+-------+-------++-------
Melee: Spear             |    37 |    10 ||    47
       Tailslap          |     5 |     2 ||     7
 Cast: Magic Dart        |    76 |    35 ||   111
       Searing Ray       |     1 |     6 ||     7
 Stab: Sleeping          |     1 |       ||     1
Armor: Skin              |    12 |    11 ||    23
Dodge: Dodged            |    27 |    17 ||    44

Table legend: (Time is in decaauts)
 A = Elapsed time spent in this place.
 B = Non-inter-level travel time spent in this place.
 C = Inter-level travel time spent in this place.
 D = Time resting spent in this place.
 E = Time spent auto-exploring this place.
 F = Levels seen in this place.
 G = Mean time per level.
                   A        B        C        D        E       F      G
               +--------+--------+--------+--------+--------+-----+--------+
         Total |   3919 |   3819 |    100 |    156 |   3280 |   4 |  979.8 |
       Dungeon |   3919 |   3819 |    100 |    156 |   3280 |   4 |  979.8 |
               +--------+--------+--------+--------+--------+-----+--------+

Top non-repeatable levels by time:
     D:1: 1593 daAuts
     D:2: 961 daAuts
     D:3: 948 daAuts
     D:4: 415 daAuts
